 Dungeon Crawl Stone Soup version 0.23.2-33-g5129a83184 (webtiles) character file.

Game seed: 11325636223199362804

5033 Folque the Geomancer (level 10, -2/73 HPs)
             Began as a White Draconian Earth Elementalist on June 30, 2019.
             Was a Priest of Sif Muna.
             Slain by a merfolk
             ... wielding a +0 spear
              (6 damage)
             ... on level 9 of the Dungeon.
             The game lasted 00:39:21 (8629 turns).

Folque the Geomancer (DrEE)                         Turns: 8629, Time: 00:39:21

Health: -2/73      AC: 11    Str: 10    XL:     10   Next: 30%
Magic:  1/18       EV: 13    Int: 19    God:    Sif Muna [***...]
Gold:   422        SH:  0    Dex: 12    Spells: 5/20 levels left

rFire    . . .     SeeInvis .   x - staff of wizardry
rCold    + . .     Gourm    .   (no shield)
rNeg     . . .     Faith    .   (armour unavailable)
rPois    .         Spirit   .   (helmet restricted)
rElec    .         Reflect  .   D - +2 cloak
rCorr    .         Harm     .   v - +0 pair of gloves
MR       .....                  (no boots)
Stlth    +++.......             (no amulet)
HPRegen  0.22/turn              (no ring)
MPRegen  0.16/turn              (no ring)

@: hasted, studying Polearms, divine energy, very quick
A: breathe frost, unfitting armour, cold resistance 1, cold-blooded, AC +7
a: Breathe Frost, Stop Divine Energy, Channel Magic, Renounce Religion


You were on level 9 of the Dungeon.
You worshipped Sif Muna.
Sif Muna was most pleased with you.
You were very hungry.

You visited 1 branch of the dungeon, and saw 9 of its levels.
You also visited: Sewer.

You collected 422 gold pieces.

Inventory:

Hand Weapons
 a - a +0 dagger of venom
 i - a +0 dagger
 y - a +0 long sword
 M - a +2 flail of holy wrath
 Q - a +3 halberd of freezing
Missiles
 b - 165 stones (quivered)
 N - 2 throwing nets
Armour
 v - a +0 pair of gloves (worn)
 D - a +2 cloak (worn)
Magical Staves
 x - an uncursed staff of wizardry (weapon)
Jewellery
 k - an uncursed ring of wizardry {unknown}
 n - a cursed ring of attention {unknown}
 p - an uncursed ring of poison resistance {unknown}
 u - an uncursed ring of flight {unknown}
 z - an uncursed ring of stealth {unknown}
Wands
 w - a wand of random effects (50)
 C - a wand of flame (14)
 P - a wand of polymorph (2)
 R - a wand of paralysis (8)
Scrolls
 e - 7 scrolls of teleportation {unknown}
 h - 6 scrolls of identify
 j - 3 scrolls of fear {unknown}
 l - 6 scrolls of blinking {unknown}
 m - 2 scrolls of enchant armour {unknown}
 r - 5 scrolls of remove curse {unknown}
 A - a scroll of amnesia {unknown}
 F - a scroll of fog {unknown}
 K - a scroll of vulnerability {unknown}
 L - a scroll of acquirement {unknown}
Potions
 d - 4 potions of haste
 f - a potion of flight
 g - 5 potions of degeneration {unknown}
 o - 2 potions of curing {unknown}
 s - a potion of lignification {unknown}
 t - 2 potions of agility
 B - a potion of cancellation {unknown}
 E - a potion of invisibility {unknown}
 G - a potion of mutation {unknown}
 H - a potion of brilliance {unknown}
 I - a potion of magic {unknown}
Books
 J - a manual of Polearms
Comestibles
 c - 12 rations


   Skills:
 - Level 2.0 Fighting
 - Level 3.1 Short Blades
 + Level 1.2 Polearms
 - Level 4.0 Dodging
 - Level 5.0 Stealth
 * Level 5.7 Spellcasting
 + Level 5.6 Conjurations
 - Level 4.1 Transmutations
 - Level 8.2 Earth Magic
 + Level 6.1 Invocations


You had 5 spell levels left.
You knew the following spells:

 Your Spells              Type           Power        Failure   Level  Hunger
a - Sandblast             Erth           #####.       1%          1    None
b - Passwall              Tmut/Erth      ####....     1%          2    None
c - Stone Arrow           Conj/Erth      ####..       1%          3    ##.....
d - Lee's Rapid Deconstr  Erth           #####.....   4%          5    #####..
e - Petrify               Tmut/Erth      ####....     3%          4    ####...

Your spell library contained the following spells:

 Spells                   Type           Power        Failure   Level  Hunger


Dungeon Overview and Level Annotations

Branches:
Dungeon (9/15)             Temple (0/1) D:5
   Lair: D:8-11         Orc: D:9-12

Altars:
Ashenzari
Cheibriados
Elyvilon
Fedhas
Nemelex Xobeh
Okawaru
Sif Muna
Trog
Uskayaw
Wu Jian
Zin
The Shining One

Shops:
D:5 =[(


Innate Abilities, Weirdness & Mutations

You can breathe waves of freezing cold.
You can buffet flying creatures when you breathe cold.
Your icy white scales are hard. (AC +7)
You cannot fit into any form of body armour.
Your flesh is cold resistant. (rC+)
You are cold-blooded and may be slowed by cold attacks.


Message History

You briefly lose access to your magic!
The merfolk hits you from afar with a +0 spear!
* * * LOW HITPOINT WARNING * * *
You feel much better. The merfolk closely misses you.
Evoke which item? (* to show all) (? for menu, Esc to quit)
Aiming: Paralyse
Press: ? - help, Shift-Dir - straight line, f/p - merfolk
Aim: a merfolk, wielding a +0 spear (severely wounded, chance to defeat MR: 28%)
Okay, then.
Evoke which item? (* to show all) (? for menu, Esc to quit)
Aiming: Polymorph
Press: ? - help, Shift-Dir - straight line, f/p - merfolk
Aim: a merfolk, wielding a +0 spear (severely wounded, chance to defeat MR: 28%)
The merfolk easily resists.
The merfolk hits you from afar with a +0 spear!!
* * * LOW HITPOINT WARNING * * *
You feel yourself speed up.
You have got your breath back.
You regain access to your magic.
The merfolk hits you from afar with a +0 spear.
You die...

###.###.#
#.........#
#.....#
##'##....##
###.####
#≈.†#.#### #....#
#≈.##.# #.##.#
#≈.. .# #.##.#
#≈.%#.#
#m##.#######..
#.............
#@##.###.#..
#...........
##..........
#.#.###.##.
#.#... .. #.#####
.. #######.# .
.>......#
######..#####.#..


You could see a merfolk.

Vanquished Creatures
  A two-headed ogre (D:8)
  2 hippogriffs (D:7)
  2 hungry ghosts (D:7)
  Eustachio (D:4)
  Duvessa (D:4)
  A water moccasin (D:6)
  3 sky beasts
  4 orc warriors
  5 ogres
  3 centaurs
  A big kobold (D:7)
  5 bullfrogs
  3 scorpions (D:8)
  Dowan (D:5)
  3 howler monkeys
  5 crimson imps
  A bullfrog skeleton (D:7)
  Crazy Yiuf (D:5)
  3 jellies
  4 orc priests
  A centaur skeleton (D:4)
  6 hounds
  9 orc wizards
  Ijyb (D:4)
  2 iguanas
  4 worker ants
  A hound zombie (D:6)
  10 gnolls
  21 adders
  A shadow imp (D:9)
  7 oozes
  An adder zombie (D:5)
  An adder skeleton (D:8)
  3 worms (Sewer)
  2 dart slugs
  4 leopard geckos
  23 orcs
  11 bats
  12 giant cockroaches
  10 goblins
  12 hobgoblins
  8 jackals
  6 kobolds
  4 quokkas
  2 ball pythons
  10 frilled lizards
  5 rats
227 creatures vanquished.

Vanquished Creatures (others)
  2 jackals (D:6)
2 creatures vanquished.

Grand Total: 229 creatures vanquished

Notes
Turn   | Place    | Note
-------+----------+-------------------------------------------
     0 | D:1      | Folque the Draconian Earth Elementalist began the quest for
                  | the Orb.
     0 | D:1      | Reached XP level 1. HP: 14/14 MP: 3/3
   237 | D:1      | Reached skill level 1 in Fighting
   248 | D:1      | Reached XP level 2. HP: 19/23 MP: 3/5
  1000 | D:1      | Learned a level 2 spell: Passwall
  1042 | D:2      | Reached XP level 3. HP: 27/29 MP: 6/6
  1472 | D:2      | Found an iron altar of Okawaru.
  1508 | D:2      | Reached XP level 4. HP: 17/36 MP: 2/8
  1630 | D:3      | Learned a level 3 spell: Stone Arrow
  1742 | D:3      | Noticed an ogre
  1808 | D:3      | Killed an ogre
  1808 | D:3      | Reached skill level 4 in Earth Magic
  1808 | D:3      | Reached XP level 5. HP: 29/41 MP: 2/10
  2117 | D:3      | Found a bloodstained altar of Trog.
  2223 | D:3      | Found a deep blue altar of Sif Muna.
  2229 | D:3      | Became a worshipper of Sif Muna the Loreminder
  2243 | D:3      | Reached XP level 6. HP: 35/48 MP: 0/12
  2256 | D:3      | Learned a level 5 spell: Lee's Rapid Deconstruction
  2992 | D:4      | Reached skill level 5 in Earth Magic
  3020 | D:4      | Noticed Eustachio
  3255 | D:4      | Reached * piety under Sif Muna
  3483 | D:4      | Noticed Ijyb
  3516 | D:4      | Killed Ijyb
  3516 | D:4      | Your scales start taking on an icy white colour.
  3516 | D:4      | Reached XP level 7. HP: 53/55 MP: 1/14
  3516 | D:4      | Gained mutation: Your flesh is cold resistant. (rC+) [White
                  | Draconian growth]
  3602 | D:4      | Killed Eustachio
  3602 | D:4      | Reached skill level 5 in Spellcasting
  3702 | D:5      | Entered Level 5 of the Dungeon
  3727 | D:5      | Found Rovuopt's Antique Weapon Shop.
  3745 | D:5      | Found a snail-covered altar of Cheibriados.
  3792 | D:5      | Reached skill level 6 in Earth Magic
  4033 | D:5      | Learned a level 4 spell: Petrify
  4041 | D:5      | Noticed Dowan
  4107 | D:5      | Noticed Duvessa
  4108 | D:5      | Killed Dowan
  4141 | D:4      | Killed Duvessa
  4237 | D:5      | Found Enyth's Armour Boutique.
  4240 | D:5      | Reached XP level 8. HP: 33/61 MP: 13/16
  4274 | D:5      | Found Yliug's Jewellery Emporium.
  4295 | D:5      | Found a staircase to the Ecumenical Temple.
  4387 | D:5      | Found a glowing silver altar of Zin.
  4427 | D:5      | Found a white marble altar of Elyvilon.
  4428 | D:5      | Found a glowing golden altar of the Shining One.
  4428 | D:5      | Found a blossoming altar of Fedhas.
  4429 | D:5      | Found a shattered altar of Ashenzari.
  4430 | D:5      | Found an ornate altar of the Wu Jian Council.
  4432 | D:5      | Found a bloodstained altar of Trog.
  4433 | D:5      | Found a hide-covered altar of Uskayaw.
  4488 | D:5      | Found a sparkling altar of Nemelex Xobeh.
  4519 | D:5      | Found Ogeneox's Weapon Shop.
  4642 | D:5      | Found a runed translucent door.
  4643 | D:5      | Noticed Crazy Yiuf
  4649 | D:5      | Killed Crazy Yiuf
  4679 | D:6      | Found a glowing drain.
  4726 | D:6      | Reached ** piety under Sif Muna
  4771 | Sewer    | Entered a sewer
  5376 | D:6      | Reached skill level 7 in Earth Magic
  5959 | D:7      | Noticed a hippogriff
  5965 | D:7      | Killed a hippogriff
  6062 | D:7      | Reached skill level 5 in Stealth
  6062 | D:7      | Reached XP level 9. HP: 51/67 MP: 1/17
  6170 | D:7      | Reached skill level 8 in Earth Magic
  6295 | D:7      | Reached *** piety under Sif Muna
  6586 | D:7      | Reached skill level 1 in Invocations
  7409 | D:8      | Noticed a two-headed ogre
  7706 | D:8      | Reached skill level 5 in Conjurations
  7761 | D:8      | Reached skill level 5 in Invocations
  7832 | D:8      | Reached skill level 1 in Short Blades
  7832 | D:8      | Reached XP level 10. HP: 70/73 MP: 8/18
  7901 | D:8      | Killed a two-headed ogre
  8383 | D:8      | Reached skill level 1 in Polearms
  8628 | D:9      | HP: 3/73 [merfolk/+0 spear (23)]
  8629 | D:9      | Slain by a merfolk

Skill      XL: |  1  2  3  4  5  6  7  8  9 10 |
---------------+-------------------------------+-----
Fighting       | 1 2 |  2.0
Spellcasting   | 3 4 5 |  5.7
Conjurations   | 2 5 |  5.6
Earth Magic    | 4 5 6 7 8 |  8.2
Stealth        | 2 5 |  5.0
Transmutations | 2 4 |  4.1
Dodging        | 4 |  4.0
Invocations    | 5 6 |  6.1
Short Blades   | 1 3 |  3.1
Polearms       | 1 |  1.2

Action                   |  1- 3 |  4- 6 |  7- 9 | 10-12 || total
-------------------------+-------+-------+-------+-------++-------
Melee: Unarmed           |    88 |       |       |       ||    88
       Tailslap          |    17 |    28 |    20 |     6 ||    71
       Dagger            |    76 |   225 |    62 |    25 ||   388
       Long sword        |       |       |    77 |       ||    77
       Staff             |       |       |    44 |       ||    44
       Flail             |       |       |     2 |       ||     2
       Halberd           |       |       |       |    11 ||    11
 Cast: Sandblast         |    13 |    40 |    57 |     5 ||   115
       Stone Arrow       |       |    23 |    82 |    16 ||   121
       Lee's Rapid Decon |       |       |    17 |     4 ||    21
       Petrify           |       |       |     5 |     7 ||    12
       Passwall          |       |       |       |     1 ||     1
Invok: Divine Energy     |       |     1 |       |       ||     1
 Abil: Breathe Frost     |       |       |     2 |     1 ||     3
Evoke: Wand              |       |       |       |     1 ||     1
  Use: Scroll            |       |     3 |       |       ||     3
       Potion            |       |     1 |     1 |     4 ||     6
 Stab: Sleeping          |     4 |     3 |     4 |       ||    11
       Petrified         |       |       |    14 |    11 ||    25
       Petrifying        |       |       |     1 |       ||     1
  Eat: Chunk             |     2 |     8 |    23 |     4 ||    37
       Ration            |       |       |     1 |       ||     1
Armor: Skin              |    36 |    66 |   140 |    20 ||   262
Dodge: Dodged            |   116 |   136 |   164 |    20 ||   436
       Rpst.: Long sword |       |       |    30 |       ||    30
